AoeStats
← przemulek123

Glade

510372702Analyzed
1v1 RM · 17h ago on Sep 30, 2026· 24m 42s· 2 players
Game mode
Random Map
Map size
Tiny (2 player)
Population
200
Speed
Normal
Resources
Standard
Victory
Conquest
Starting age
Dark Age
Ending age
Imperial Age
RankedLock teamsTeams togetherTeam positionsShared explorationLock speedFull tech treeHidden civsTurbo modeCheats
Victory
Defeat
🇬🇧 Vikings · United Kingdom
1010
+15
🇵🇱 Bulgarians · Poland
996
-15
przemulek123
8:02 Loom
10:13 Feudal Age
11:02 Double-Bit Axe
14:17 Forging
17:33 Scale Mail Armor
18:28 Loom
Titch
9:05 Loom
10:58 Feudal Age
11:48 Man-at-Arms
13:31 Scale Mail Armor
13:42 Forging
14:50 Arson
20:52 Fletching
21:46 Horse Collar
Connection lost

Rejoining the realm…

Still unreachable

The connection could not be restored.

Session expired

The server has moved on; the page needs a fresh start.